 Dungeon Crawl Stone Soup version 0.27-a0-1006-g1fd4cec11e (webtiles) character file.

Game seed: 10824559449585222063

152 tardwrangler69 the Digger (level 5, -3/38 HPs)
             Began as a Draconian Earth Elementalist on Apr 17, 2021.
             Slain by a gnoll sergeant
             ... wielding a +0 trident
              (13 damage)
             ... on level 3 of the Dungeon.
             The game lasted 00:04:43 (5305 turns).

tardwrangler69 the Digger (DrEE)                    Turns: 5305, Time: 00:04:43

Health: -3/38      AC:  7    Str: 10    XL:     5   Next: 11%
Magic:  1/9        EV: 12    Int: 16    God:
Gold:   106        SH:  0    Dex: 12    Spells: 9/10 levels left

rFire    . . .     SeeInvis .   f - +0 dagger
rCold    + . .     Faith    .   (no shield)
rNeg     . . .     Spirit   .   (armour unavailable)
rPois    .         Reflect  .   (helmet restricted)
rElec    .         Harm     .   l - +1 cloak {rCorr}
rCorr    +         Rampage  .   (no gloves)
Will     .....                  (no boots)
Stlth    ++........             (no amulet)
HPRegen  0.12/turn              c - ring of protection from cold
MPRegen  0.11/turn              (no ring)

@: no status effects
A: AC +5, unfitting armour, cold-blooded
a: no special abilities


You were on level 3 of the Dungeon.
You visited 1 branch of the dungeon, and saw 4 of its levels.

You collected 106 gold pieces.

Inventory:

Hand Weapons
 f - a +0 dagger (weapon)
Missiles
 b - 76 stones
Armour
 l - a +1 cloak of preservation (worn)
Magical Staves
 k - a staff of cold
Jewellery
 c - a ring of protection from cold (left hand)
Scrolls
 a - 5 scrolls of teleportation {unknown}
 e - a scroll of acquirement {unknown}
 g - a scroll of amnesia {unknown}
 i - a scroll of holy word {unknown}
 j - a scroll of identify {unknown}
Potions
 d - a potion of brilliance {unknown}


   Skills:
 - Level 1.7 Dodging
 - Level 1.7 Stealth
 + Level 3.2 Spellcasting
 - Level 1.0 Transmutations
 * Level 5.1 Earth Magic


You had 9 spell levels left.
You knew the following spells:

 Your Spells              Type           Power      Damage    Failure   Level
a - Sandblast             Erth           38%        2d10      2%          1

Your spell library contained the following spells:

 Spells                   Type           Power      Damage    Failure   Level
 Passwall                 Tmut/Erth      10%        N/A       8%          2
 Magic Dart               Conj           8%         1d3       19%         1
 Stone Arrow              Conj/Erth      20%        3d8       19%         3
 Blink                    Tloc           N/A        N/A       28%         2
 Call Imp                 Summ           2%         N/A       28%         2
 Slow                     Hex            2%         N/A       28%         2
 Petrify                  Tmut/Erth      12%        N/A       45%         4
 Conjure Flame            Conj/Fire      2%         6-21      50%         3
 Mephitic Cloud           Conj/Pois/Air  2%         N/A       50%         3
 Lee's Rapid Deconstruct  Erth           9%         3d8*      52%         5


Dungeon Overview and Level Annotations

Branches:
Dungeon (4/15)
 Temple: D:4-7

Altars:
Uskayaw

Annotations:
D:3 1 runed translucent door, kd29's ghost, amateur DrTm


Innate Abilities, Weirdness & Mutations

Your plain brown scales are hard. (AC +5)
You cannot fit into any form of body armour.
You are cold-blooded and may be slowed by cold attacks.


Message History

Aiming: Sandblast (safe; 2% risk of failure)
Press: ? - help, Shift-Dir - straight line, f/p - gnoll sergeant
Aim: a gnoll sergeant, wielding a +0 trident and wearing a +0 ring mail (moderately wounded, 85% to hit)
The blast of sand hits the gnoll sergeant but does no damage.
The gnoll sergeant is moderately wounded.
The gnoll sergeant hits you from afar with a +0 trident.
Casting: Sandblast (safe; 2% risk of failure)
Confirm with . or Enter, or press ? or * to list all spells.
Aiming: Sandblast (safe; 2% risk of failure)
Press: ? - help, Shift-Dir - straight line, f/p - gnoll sergeant
Aim: a gnoll sergeant, wielding a +0 trident and wearing a +0 ring mail (moderately wounded, 85% to hit)
The blast of sand misses the gnoll sergeant.
The gnoll sergeant hits you from afar with a +0 trident.
* * * LOW HITPOINT WARNING * * *
Casting: Sandblast (safe; 2% risk of failure)
Confirm with . or Enter, or press ? or * to list all spells.
Aiming: Sandblast (safe; 2% risk of failure)
Press: ? - help, Shift-Dir - straight line, f/p - gnoll sergeant
Aim: a gnoll sergeant, wielding a +0 trident and wearing a +0 ring mail (moderately wounded, 85% to hit)
The blast of sand hits the gnoll sergeant but does no damage.
The gnoll sergeant is moderately wounded.
The gnoll sergeant hits you from afar with a +0 trident.
* * * LOW HITPOINT WARNING * * *
Casting: Sandblast (safe; 2% risk of failure)
Confirm with . or Enter, or press ? or * to list all spells.
Aiming: Sandblast (safe; 2% risk of failure)
Press: ? - help, Shift-Dir - straight line, f/p - gnoll sergeant
Aim: a gnoll sergeant, wielding a +0 trident and wearing a +0 ring mail (moderately wounded, 85% to hit)
The blast of sand hits the gnoll sergeant but does no damage.
The gnoll sergeant is moderately wounded.
The gnoll sergeant closely misses you.
Casting: Sandblast (safe; 2% risk of failure)
Confirm with . or Enter, or press ? or * to list all spells.
Aiming: Sandblast (safe; 2% risk of failure)
Press: ? - help, Shift-Dir - straight line, f/p - gnoll sergeant
Aim: a gnoll sergeant, wielding a +0 trident and wearing a +0 ring mail (moderately wounded, 85% to hit)
The blast of sand hits the gnoll sergeant but does no damage.
The gnoll sergeant is moderately wounded.
The gnoll sergeant hits you from afar with a +0 trident!
You die...

......# #######....#### ......#
#..........#..# ......#
#........_.#(.#
.....##############..........#(.#
.............................####
......#######.####.#.##.###......
......# #......#.##.#####.###
......##### ####.<##.............
..........# ###@..####.####.....
......###.# #...#..###.## #.....
.....## #g####g####.##...# ######
......###..##..# #.....##
#.............#####..#.## #####
..................[..#.# #)..#
#......#####..####.###.### #...#
.......######.##.........# #...#
...........##[#..........# ##[##


You could see a gnoll sergeant.

Vanquished Creatures
  A jelly (D:4)
  Crazy Yiuf (D:3)
  An orc wizard (D:3)
  A gnoll (D:4)
  An adder (D:4)
  2 dart slugs (D:3)
  3 orcs (D:3)
  An endoplasm (D:2)
  2 giant cockroaches
  6 goblins
  2 hobgoblins
  5 jackals (D:1)
  2 quokkas
  3 ball pythons
  4 bats
  6 frilled lizards
  3 kobolds
  2 rats
46 creatures vanquished.

Vanquished Creatures (others)
  A fungus (D:1)
1 creature vanquished.

Grand Total: 47 creatures vanquished

Notes
Turn   | Place    | Note
-------+----------+-------------------------------------------
     0 | D:1      | tardwrangler69 the Draconian Earth Elementalist began the
                  | quest for the Orb.
     0 | D:1      | Reached XP level 1. HP: 14/14 MP: 3/3
   783 | D:1      | Reached XP level 2. HP: 20/20 MP: 0/5
  2044 | D:1      | Found a faded altar of an unknown god.
  2867 | D:2      | Reached XP level 3. HP: 26/26 MP: 6/6
  3184 | D:3      | Found a hide-covered altar of Uskayaw.
  3234 | D:3      | Reached skill level 4 in Earth Magic
  3249 | D:3      | HP: 1/39 [something/magic dart (7)]
  3662 | D:3      | Found a runed translucent door.
  3663 | D:3      | Noticed kd29's ghost (amateur DrTm)
  3718 | D:3      | Reached XP level 4. HP: 33/33 MP: 8/8
  3935 | D:3      | Noticed a +0 dagger
  3935 | D:3      | Noticed a +0 dagger
  4123 | D:3      | Found a runed translucent door.
  4124 | D:3      | Noticed Crazy Yiuf
  4319 | D:3      | Killed Crazy Yiuf
  4484 | D:4      | Reached skill level 5 in Earth Magic
  4496 | D:4      | Reached XP level 5. HP: 19/38 MP: 5/9
  4711 | D:4      | HP: 1/38 [gnoll sergeant/+0 trident (8)]
  5305 | D:3      | Slain by a gnoll sergeant

Illustrated notes

Levels and vault maps discovered:
D:1:      onia_arrival_mini_maze, layout_basic,
          hellmonk_ecumenical_altar_leap_of_faith
D:2:      layout_basic, roderic_nine_men_s_morris
D:3:      layout_rooms, dancing_weapons_uskayaw, gammafunk_ghost_grave,
          uniq_crazy_yiuf_cottage
D:4:      layout_basic, minmay_box_of_dots, uniq_menkaure

Skill      XL: |  1  2  3  4 |
---------------+-------------+-----
Earth Magic    | 4 5 |  5.1
Spellcasting   | 3 |  3.2
Dodging        | |  1.7
Stealth        | |  1.7
Transmutations | |  1.0

Action                   |  1- 3 |  4- 6 || total
-------------------------+-------+-------++-------
Melee: Unarmed           |    69 |       ||    69
       Tailslap          |    14 |     5 ||    19
       Dagger            |    82 |    39 ||   121
 Cast: Sandblast         |    16 |    34 ||    50
  Use: Potion            |     2 |       ||     2
 Stab: Sleeping          |     5 |     1 ||     6
Armor: Skin              |    69 |    11 ||    80
Dodge: Dodged            |   102 |    48 ||   150

Table legend: (Time is in decaauts)
 A = Elapsed time spent in this place.
 B = Non-inter-level travel time spent in this place.
 C = Inter-level travel time spent in this place.
 D = Time resting spent in this place.
 E = Time spent auto-exploring this place.
 F = Levels seen in this place.
 G = Mean time per level.
                   A        B        C        D        E       F      G
               +--------+--------+--------+--------+--------+-----+--------+
         Total |   5305 |   5082 |    223 |    189 |   4378 |   4 | 1326.2 |
       Dungeon |   5305 |   5082 |    223 |    189 |   4378 |   4 | 1326.2 |
               +--------+--------+--------+--------+--------+-----+--------+

Top non-repeatable levels by time:
     D:1: 2259 daAuts
     D:3: 1677 daAuts
     D:2: 1109 daAuts
     D:4: 260 daAuts
